 Dungeon Crawl Stone Soup version 0.20.1-1-g8b1a95d (webtiles) character file.

141512 JeffiDaFish the Cleaver (level 16, 0/133 HPs)
             Began as a Demonspawn Fighter on Oct 23, 2017.
             Was the Champion of Okawaru.
             Hit by a tomahawk thrown by a merfolk (8 damage)
             ... on level 3 of the Shoals on Oct 24, 2017.
             The game lasted 01:19:42 (26003 turns).

JeffiDaFish the Cleaver (Demonspawn Fighter)       Turns: 26003, Time: 01:19:43

Health: 0/133      AC: 26    Str: 24    XL:     16   Next: 78%
Magic:  23/23      EV: 12    Int: 11    God:    Okawaru [******]
Gold:   2238       SH: 17    Dex: 21    Spells: 16/24 levels left

rFire    + . .     SeeInvis .   a - +7 war axe (vamp)
rCold    . . .     Gourm    .   h - +3 shield {rN+}
rNeg     + . .     Faith    .   H - +5 chain mail {rPois}
rPois    +         Spirit   .   j - +2 helmet
rElec    .         Reflect  .   (no cloak)
rCorr    .         Harm     .   t - +1 pair of gloves {Dex+3}
MR       +....                  (boots unavailable)
Stlth    ..........             p - amulet of regeneration
Regen    0.8/turn               E - +5 ring of strength
MPRegen  0.2/turn               w - +3 ring of slaying

@: mesmerised
A: hooves 3, yellow scales 2, demonic guardian 2, fire resistance 1, strong 1,
flame cloud immunity, MP-powered wands
a: Heroism, Finesse, Renounce Religion


You were on level 3 of the Shoals.
You worshipped Okawaru.
Okawaru was exalted by your worship.
You were not hungry.

You visited 5 branches of the dungeon, and saw 27 of its levels.

You collected 2864 gold pieces.
You spent 626 gold pieces at shops.

Inventory:

Hand Weapons
 a - a +7 vampiric war axe (weapon)
Armour
 h - a +3 shield of positive energy (worn)
 j - a +2 helmet (worn)
 t - a +1 pair of gloves of dexterity (worn)
 H - a +5 chain mail of poison resistance (worn)
 J - the +1 crystal plate armour of Gravitas {rC+ MP+9}
   (Okawaru gifted it to you on level 2 of the Shoals)

   It protects you from cold.
   It affects your magic capacity (+9).
Jewellery
 e - an uncursed ring of poison resistance
 p - an amulet of regeneration (around neck)
 q - an uncursed ring of resist corrosion
 w - a +3 ring of slaying (right hand)
 E - a +5 ring of strength (left hand)
Wands
 L - a wand of scattershot (5/9)
Scrolls
 c - 2 scrolls of fear
 i - 10 scrolls of remove curse
 k - 18 scrolls of teleportation
 o - 6 scrolls of blinking
 v - 3 scrolls of recharging
 x - a scroll of identify
 B - 2 scrolls of fog
 C - 2 scrolls of summoning
 G - 2 scrolls of brand weapon
Potions
 b - 4 potions of might
 g - a potion of magic
 l - 4 potions of brilliance
 n - a potion of invisibility
 r - 3 potions of resistance
 s - 3 potions of flight
 u - 2 potions of berserk rage
 z - a potion of ambrosia
 A - a potion of curing
Books
 y - a book of Flames

   Spells                             Type                      Level
   a - Flame Tongue                   Conjuration/Fire             1
   b - Throw Flame                    Conjuration/Fire             2
   c - Conjure Flame                  Conjuration/Fire             3
   d - Inner Flame                    Hexes/Fire                   3
   e - Sticky Flame                   Conjuration/Fire             4
   f - Fireball                       Conjuration/Fire             5
 D - a book of Enchantments

   Spells                             Type                      Level
   a - Cause Fear                     Hexes                        4
   b - Yara's Violent Unravelling     Hexes/Transmutation          5
   c - Silence                        Hexes/Air                    5
   d - Deflect Missiles               Charms/Air                   6
   e - Discord                        Hexes                        8
 K - a book of Summonings

   Spells                             Type                      Level
   a - Recall                         Summoning/Translocation      3
   b - Aura of Abjuration             Summoning                    5
   c - Summon Demon                   Summoning                    5
   d - Summon Forest                  Summoning/Translocation      5
   e - Summon Mana Viper              Hexes/Summoning              5
   f - Shadow Creatures               Summoning                    6
Comestibles
 d - 9 meat rations
 f - 17 bread rations
 m - 38 fruits
 F - 4 chunks of flesh
 I - 2 royal jellies


   Skills:
 * Level 14.0 Fighting
 * Level 14.1 Axes
 * Level 13.1 Armour
 + Level 5.2 Dodging
 - Level 0.6 Stealth
 * Level 12.9 Shields
 + Level 4.7 Spellcasting
 + Level 5.5 Hexes
 + Level 4.6 Fire Magic
 - Level 5.3 Invocations


You had 16 spell levels left.
You knew the following spells:

 Your Spells              Type           Power        Failure   Level  Hunger
a - Confuse               Hex            ##......     38%         3    ###....
b - Inner Flame           Hex/Fire       ##......     43%         3    ###....
c - Blink                 Tloc           N/A          89%         2    ##.....


Dungeon Overview and Level Annotations

Branches:
Dungeon (15/15)            Temple (1/1) D:5            Lair (6/6) D:10
 Shoals (3/4) Lair:4       Spider (0/4) Lair:4        Slime (0/5) Lair:5
    Orc (2/2) D:11            Elf (0/3) Orc:2        Depths (0/5) D:15
 Vaults: D:13-14

Altars:
Ashenzari
Cheibriados
Dithmenos
Elyvilon
Fedhas
Gozag
Hepliaklqana
Kikubaaqudgha
Makhleb
Nemelex Xobeh
Okawaru
Qazlal
Ru
Sif Muna
Trog
Uskayaw
Vehumet
Xom
Yredelemnul
Zin
The Shining One
Beogh

Shops:
D:5 [}   D:7 [}   D:12 (   D:14 ?   Orc:2 :}[!   Shoals:2 (

Portals:
Trove: D:15 (give mithril axe "Arga")


Innate Abilities, Weirdness & Mutations

You have hooves in place of feet.
You are mostly covered in yellow scales. (AC +3)
A demonic guardian rushes to your aid.
Your flesh is heat resistant. (rF+)
You are immune to clouds of flame.
Your muscles are strong. (Str +2)
You expend magic power (3 MP) to strengthen your wands.


Message History

The merfolk siren chants its luring song.
The merfolk throws a tomahawk.
You block the tomahawk.
The water nymph flows with the water.
Splash!
You fall into the shallow water.
Moving in this stuff is going to be slow.
The merfolk avatar chants its luring song.
Your smoke demon gestures at the merfolk.
The merfolk is smitten.
The merfolk hits you but does no damage.
You see here a tomahawk.
You closely miss the water nymph. You kick the water nymph!
The water nymph is moderately wounded.
You closely miss the merfolk siren.
The merfolk is no longer unusually resistant.
The merfolk hits you from afar with a trident!
* * * LOW HITPOINT WARNING * * *
You block the merfolk siren's attack.
The merfolk throws a tomahawk.
The tomahawk hits you!
You die...

....##.......≈≈≈≈≈≈≈≈≈≈≈
≈≈≈....<.....(.≈≈≈≈≈≈≈≈≈
≈≈≈≈≈≈........(.)≈≈≈≈.≈≈
≈≈≈≈.≈.......(.....≈..≈≈
≈≈≈≈≈≈................≈≈
≈≈≈≈≈≈≈≈....)<##...?.≈≈≈
≈≈≈≈≈≈≈≈....mm###..##.≈≈
≈≈≈≈≈≈≈≈...m.).m...≈..≈≈
≈≈≈≈≈≈.≈≈..)3)@......≈≈≈
≈≈≈≈≈.≈≈≈m)≈≈≈≈≈≈≈
≈≈.≈≈≈≈m≈≈≈≈≈≈≈≈≈≈
≈..≈≈≈≈≈≈≈≈≈≈≈≈≈≈≈
≈≈≈≈≈≈≈≈≈≈≈≈≈≈≈≈≈≈
≈≈≈≈≈≈≈≈≈≈≈≈≈≈≈≈
≈≈≈≈≈≈≈≈≈≈≈≈≈..≈
≈≈≈≈≈≈≈≈.≈≈≈≈≈..


You could see a merfolk avatar, 3 merfolk, a merfolk siren, a water nymph and a
friendly smoke demon.

Vanquished Creatures
  Nikola (Shoals:1)
  A titan (D:14)
  Kirke (D:12)
  A fire giant (D:14)
  A frost giant (D:14)
  An orc warlord (Orc:1)
  A juggernaut zombie (D:15)
  Snorg (D:13)
  A minotaur (D:14)
  A merfolk javelineer (Shoals:2)
  A fire dragon (D:14)
  Josephine (Lair:4)
  2 naga warriors (D:14)
  The ghost of Chazgasm the Severer, a journeyman GrBe of Trog (D:11)
  2 hydras
  A catoblepas (Lair:6)
  Erolcha (D:13)
  6 centaur warriors
  7 two-headed ogres
  2 merfolk aquamancers
  A merfolk avatar (Shoals:1)
  The ghost of slep the Carver, a journeyman GrFi of the Shining One (Shoals:1)
  4 ogre magi
  2 tengu warriors (D:14)
  11 death yaks (Lair:6)
  An orc high priest (Orc:2)
  Nergalle (Orc:2)
  10 skeletal warriors
  A salamander mystic (D:14)
  2 unseen horrors
  3 sea snakes
  A phantasmal warrior (D:15)
  3 orc knights
  A sphinx zombie (D:15)
  8 harpies
  22 ugly things
  3 cyclopes
  7 fauns
  7 orc sorcerers
  8 manticores
  4 merfolk sirens
  A black mamba (shapeshifter) (D:11)
  A water nymph (Shoals:2)
  10 black mambas
  2 centaur zombies
  10 spiny frogs
  The ghost of Luzer the Tainter, a novice NaVM (D:4)
  5 centaur skeletons
  3 rime drakes
  A yaktaur (D:11)
  2 gargoyles (D:11)
  2 efreet
  A freezing wraith (D:14)
  4 komodo dragons
  5 trolls
  5 kobold demonologists
  A spriggan skeleton (D:15)
  10 merfolk
  A yaktaur skeleton (D:15)
  A tengu conjurer (D:14)
  3 meliai (D:15)
  2 polar bears
  A wind drake (Shoals:2)
  A hornet (D:12)
  6 blink frogs (Lair:3)
  7 hippogriffs
  A meliai zombie (D:15)
  3 snapping turtles
  11 dream sheep
  Sigmund (D:6)
  A redback (D:14)
  4 shadows
  A vampire (D:14)
  48 yaks
  A spriggan (D:9)
  2 wyverns
  10 water elementals
  10 wraiths
  2 basilisks
  3 hogs (D:12)
  5 hungry ghosts
  A fire elemental (D:12)
  15 vampire mosquitoes
  8 wargs
  16 water moccasins
  2 nagas (D:14)
  An acid dragon (D:11)
  5 porcupines
  5 hell hounds (D:12)
  2 ice beasts
  2 sky beasts
  3 black bears
  2 hornet zombies
  A necrophage (D:14)
  4 eyes of draining
  22 orc warriors
  24 wolves
  2 phantoms
  12 ogres
  9 centaurs
  21 crocodiles
  4 big kobolds
  20 bullfrogs
  A wyvern zombie (D:12)
  A gnoll sergeant (Orc:2)
  A water moccasin zombie (D:10)
  2 scorpions
  10 killer bees (D:9)
  4 wights (D:9)
  8 electric eels
  5 howler monkeys
  5 crimson imps
  A bullfrog zombie (D:12)
  2 quasits
  9 hounds
  9 jellies
  A bullfrog skeleton (D:13)
  17 orc priests
  36 orc wizards
  5 iguanas
  12 worker ants
  A hound skeleton (D:7)
  Robin (D:3)
  A worker ant zombie (D:8)
  A howler monkey skeleton (D:11)
  20 adders
  7 gnolls
  A hound simulacrum (D:11)
  4 shadow imps
  4 oozes (Lair:5)
  4 dart slugs
  3 leopard geckos
  86 orcs
  7 bats
  6 giant cockroaches
  14 goblins
  12 hobgoblins
  9 jackals
  5 quokkas
  A ball python (D:2)
  3 frilled lizards (D:1)
  31 kobolds
  2 leopard gecko skeletons
  7 rats
  A spectral orc (D:5)
  4 fungi
  2 plants (Lair:6)
  2 withered plants (D:15)
873 creatures vanquished.

Vanquished Creatures (collateral kills)
  Saint Roka (Orc:2)
  Donald (Orc:2)
  Azrael (D:12)
  An ettin (Orc:2)
  3 hydras
  2 catoblepae (Lair:6)
  A centaur warrior (D:14)
  A merfolk aquamancer (Shoals:3)
  2 ogre magi (Orc:2)
  4 two-headed ogres
  A tengu warrior (D:14)
  3 death yaks (Lair:6)
  A deep elf archer (D:14)
  A necromancer (D:15)
  A harpy (Shoals:2)
  3 ugly things (D:15)
  2 orc sorcerers
  3 manticores
  3 fauns
  3 merfolk sirens
  A water nymph (Shoals:1)
  2 spiny frogs
  2 komodo dragons (Lair:1)
  A troll (D:14)
  A polar bear (Lair:4)
  3 merfolk
  A blink frog (Lair:3)
  A snapping turtle (Shoals:1)
  Grinder (D:3)
  11 dream sheep
  2 hippogriffs
  A wraith (D:13)
  A wyvern (D:7)
  16 yaks
  A warg (Orc:1)
  2 water moccasins
  A porcupine (Lair:2)
  An ice beast (D:6)
  An orc warrior (Orc:1)
  A wolf (Lair:4)
  4 ogres
  3 killer bees (D:9)
  A crimson imp (D:7)
  2 hounds
  A bullfrog skeleton (D:4)
  2 orc priests
  4 orc wizards
  A worker ant (D:7)
  A hound zombie (D:10)
  A worker ant zombie (D:10)
  5 orcs
  A kobold (D:9)
  A quokka (D:10)
116 creatures vanquished.

Vanquished Creatures (others)
  3 humans (D:12)
  An electric eel (Lair:4)
  5 fungi
  5 plants
14 creatures vanquished.

Grand Total: 1003 creatures vanquished

Notes
Turn   | Place    | Note
-------+----------+-------------------------------------------
     0 | D:1      | JeffiDaFish the Demonspawn Fighter began the quest for the Orb.
     0 | D:1      | Reached XP level 1. HP: 18/18 MP: 1/1
    69 | D:1      | Gained mutation: A weak demonic guardian rushes to your aid. [demonic ancestry]
    69 | D:1      | Reached XP level 2. HP: 23/24 MP: 2/2
   690 | D:2      | Reached XP level 3. HP: 23/29 MP: 1/3
  1151 | D:3      | Noticed Robin
  1383 | D:2      | Gained mutation: You are partially covered in yellow scales. (AC +2) [demonic ancestry]
  1383 | D:2      | Reached XP level 4. HP: 28/35 MP: 4/4
  1482 | D:3      | Killed Robin
  1665 | D:3      | Noticed Grinder
  1672 | D:3      | Paralysed by Grinder for 6 turns
  1989 | D:3      | Paralysed by Grinder for 7 turns
  1999 | D:3      | Killed Grinder
  1999 | D:3      | Reached XP level 5. HP: 32/42 MP: 5/5
  2334 | D:4      | Reached XP level 6. HP: 33/48 MP: 4/6
  2595 | D:4      | Reached skill level 5 in Axes
  2754 | D:4      | Reached skill level 1 in Dodging
  2808 | D:4      | Gained mutation: Your flesh is heat resistant. (rF+) [demonic ancestry]
  2808 | D:4      | Reached XP level 7. HP: 47/54 MP: 5/7
  2991 | D:4      | Noticed Luzer's ghost (novice NaVM)
  3043 | D:4      | Killed Luzer's ghost
  3043 | D:4      | Gained mutation: You are mostly covered in yellow scales. (AC +3) [demonic ancestry]
  3043 | D:4      | Reached XP level 8. HP: 28/61 MP: 6/8
  3396 | D:5      | Entered Level 5 of the Dungeon
  3396 | D:5      | Found a staircase to the Ecumenical Temple.
  3427 | Temple   | Entered the Ecumenical Temple
  3482 | Temple   | Became a worshipper of Warmaster Okawaru
  3570 | D:5      | Found a basalt altar of Yredelemnul.
  3675 | D:5      | Found Sodalo's Armour Shoppe.
  3701 | D:5      | Bought a +0 pair of gloves for 54 gold pieces
  4012 | D:5      | Found Kuobbuxt's Gadget Emporium.
  4077 | D:6      | Noticed Sigmund
  4093 | D:6      | Killed Sigmund
  4093 | D:6      | Reached skill level 5 in Fighting
  4220 | D:6      | Found a shadowy altar of Dithmenos.
  4296 | D:6      | Reached * piety under Okawaru
  4296 | D:6      | Reached skill level 5 in Armour
  4296 | D:6      | Reached skill level 5 in Shields
  4683 | D:6      | Found a bloodstained altar of Trog.
  4832 | D:7      | Found Idufaadd's Antique Armour Boutique.
  4835 | D:7      | Bought a runed hat for 182 gold pieces
  4908 | D:7      | Reached XP level 9. HP: 59/68 MP: 5/9
  4961 | D:7      | Learned a level 3 spell: Confuse
  5068 | D:7      | Reached ** piety under Okawaru
  5452 | D:7      | Found Hagaiqan's Gadget Boutique.
  5821 | D:8      | Noticed a green ugly thing
  5822 | D:8      | Found an opulent altar of Gozag.
  5833 | D:8      | Killed a green ugly thing
  5940 | D:8      | Noticed a two-headed ogre
  5943 | D:8      | Reached *** piety under Okawaru
  5951 | D:8      | Killed a two-headed ogre
  6255 | D:8      | Reached XP level 10. HP: 68/79 MP: 10/10
  6343 | D:8      | Reached skill level 1 in Invocations
  6488 | D:9      | Gained mutation: You expend magic power (3 MP) to strengthen your wands. [potion of mutation]
  6488 | D:9      | Gained mutation: Your muscles are strong. (Str +2) [potion of mutation]
  6561 | D:9      | Reached **** piety under Okawaru
  6618 | D:9      | Noticed a two-headed ogre
  6628 | D:9      | Killed a two-headed ogre
  7511 | D:9      | Reached ***** piety under Okawaru
  7672 | D:9      | Found a radiant altar of Vehumet.
  7672 | D:9      | Found a deep blue altar of Sif Muna.
  7672 | D:9      | Found a white marble altar of Elyvilon.
  7701 | D:9      | Found a blossoming altar of Fedhas.
  7927 | D:10     | Entered Level 10 of the Dungeon
  8148 | D:10     | Noticed a two-headed ogre
  8149 | D:10     | Noticed a two-headed ogre
  8155 | D:10     | Killed a two-headed ogre
  8159 | D:10     | Killed a two-headed ogre
  8159 | D:10     | Gained mutation: You have large cloven feet. [demonic ancestry]
  8159 | D:10     | Reached XP level 11. HP: 69/86 MP: 11/13
  8325 | D:10     | Found a staircase to the Lair.
  8342 | D:10     | Received a gift from Okawaru
  9172 | Lair:1   | Entered Level 1 of the Lair of Beasts
  9344 | Lair:1   | Received a gift from Okawaru
  9615 | Lair:1   | Reached skill level 10 in Axes
 10930 | Lair:2   | Reached ****** piety under Okawaru
 10930 | Lair:2   | Reached skill level 5 in Invocations
 11141 | Lair:2   | Gained mutation: You are immune to clouds of flame. [demonic ancestry]
 11141 | Lair:2   | Reached XP level 12. HP: 67/96 MP: 12/15
 11932 | Lair:3   | Identified the cursed +1 scythe of Fyidwogu {flame, Dex+4} (You found it on level 3 of the Lair of Beasts)
 12844 | Lair:4   | Reached skill level 10 in Fighting
 12899 | Lair:4   | Found a hole to the Spider Nest.
 12935 | Lair:4   | Found a staircase to the Shoals.
 13053 | Lair:4   | Received a gift from Okawaru
 13100 | Lair:4   | Noticed Josephine
 13114 | Lair:4   | Killed Josephine
 13657 | Lair:4   | Reached skill level 10 in Armour
 14278 | Lair:5   | Noticed an eight-headed hydra
 14289 | Lair:5   | Gained mutation: A demonic guardian rushes to your aid. [demonic ancestry]
 14289 | Lair:5   | Reached XP level 13. HP: 104/104 MP: 17/17
 14424 | Lair:5   | Reached skill level 10 in Shields
 14470 | Lair:5   | Found a staircase to the Slime Pits.
 15284 | Lair:6   | Entered Level 6 of the Lair of Beasts
 15450 | Lair:6   | Received a gift from Okawaru
 16194 | Lair:6   | Received a gift from Okawaru
 16208 | Lair:6   | Reached XP level 14. HP: 114/114 MP: 15/18
 17007 | D:11     | Found a staircase to the Orcish Mines.
 17187 | D:11     | Found a runed door.
 17187 | D:11     | Found a runed door.
 17377 | D:11     | Learned a level 3 spell: Inner Flame
 17627 | D:11     | Reached skill level 1 in Hexes
 17700 | D:11     | Noticed Chazgasm's ghost (journeyman GrBe)
 17714 | D:11     | Killed Chazgasm's ghost
 17714 | D:11     | Received a gift from Okawaru
 17714 | D:11     | Reached skill level 1 in Fire Magic
 17963 | D:11     | Reached skill level 1 in Spellcasting
 18274 | D:12     | Noticed Kirke
 18292 | D:12     | Killed Kirke
 18488 | D:12     | Noticed Azrael
 18500 | D:12     | Killed Azrael
 18937 | D:12     | Found a burning altar of Makhleb.
 19139 | D:12     | Found Ahuu's Antique Weapon Boutique.
 19435 | D:13     | Noticed Snorg
 19456 | D:13     | Killed Snorg
 19588 | D:13     | Received a gift from Okawaru
 19653 | D:13     | Noticed Erolcha
 19661 | D:13     | Killed Erolcha
 19681 | D:13     | You fall through a shaft for 2 floors!
 19681 | D:15     | Entered Level 15 of the Dungeon
 19735 | D:15     | Gained mutation: You have hoof-like feet. [demonic ancestry]
 19735 | D:15     | Reached XP level 15. HP: 122/122 MP: 19/19
 19766 | D:15     | Found a staircase to the Depths.
 19926 | D:15     | Found a blossoming altar of Fedhas.
 20042 | D:15     | Found a portal to a secret trove of treasure.
 20257 | D:15     | Received a gift from Okawaru
 21263 | D:14     | Learned a level 2 spell: Blink
 21480 | D:14     | Received a gift from Okawaru
 21484 | D:14     | Found Ipaluwe's Magic Scroll Boutique.
 21492 | D:14     | Bought a scroll of enchant armour for 90 gold pieces
 21492 | D:14     | Bought a scroll of enchant armour for 90 gold pieces
 22126 | D:14     | Was placed under penance by Okawaru
 22146 | D:14     | Noticed a frost giant
 22146 | D:14     | Noticed a titan
 22159 | D:14     | Killed a titan
 22168 | D:14     | Killed a frost giant
 22195 | D:14     | Noticed a fire giant
 22213 | D:14     | Killed a fire giant
 22353 | Orc:1    | Entered Level 1 of the Orcish Mines
 22361 | Orc:1    | Noticed an orc warlord
 22376 | Orc:1    | Was forgiven by Okawaru
 22381 | Orc:1    | Killed an orc warlord
 22906 | Orc:2    | Entered Level 2 of the Orcish Mines
 22988 | Orc:2    | Noticed Saint Roka
 23154 | Orc:2    | Killed Saint Roka
 23154 | Orc:2    | Gained mutation: You have hooves in place of feet. [demonic ancestry]
 23154 | Orc:2    | Reached XP level 16. HP: 119/131 MP: 17/21
 23245 | Orc:2    | Noticed Donald
 23257 | Orc:2    | Killed Donald
 23258 | Orc:2    | Found a staircase to the Elven Halls.
 23603 | Orc:2    | Noticed Nergalle
 23609 | Orc:2    | Received a gift from Okawaru
 23620 | Orc:2    | Killed Nergalle
 23683 | Orc:2    | Found Ytuwn's Gadget Emporium.
 23701 | Orc:2    | Found an ancient bone altar of Kikubaaqudgha.
 23730 | Orc:2    | Found a radiant altar of Vehumet.
 23773 | Orc:2    | Found a roughly hewn altar of Beogh.
 23773 | Orc:2    | Found Fell's Distillery.
 23811 | Orc:2    | Found Veosofo's Antique Armour Shoppe.
 23820 | Orc:2    | Found Poatyty's Book Shoppe.
 23823 | Orc:2    | Bought a pair of runed gloves for 210 gold pieces
 24062 | Orc:1    | Paralysed by an orc sorcerer for 3 turns
 24177 | Shoals:1 | Entered Level 1 of the Shoals
 24265 | Shoals:1 | Noticed slep's ghost (journeyman GrFi)
 24282 | Shoals:1 | Killed slep's ghost
 24353 | Shoals:1 | Noticed Nikola
 24365 | Shoals:1 | Killed Nikola
 24365 | Shoals:1 | Received a gift from Okawaru
 24365 | Shoals:1 | Reached skill level 5 in Hexes
 24601 | Shoals:1 | Received a gift from Okawaru
 24933 | Shoals:1 | Reached skill level 5 in Dodging
 25030 | Shoals:2 | Found Taezuq's Antique Weapon Shoppe.
 25041 | Shoals:2 | Received a gift from Okawaru
 25046 | Shoals:2 | Identified the +1 crystal plate armour of Gravitas {rC+ MP+9} (Okawaru gifted it to you on level 2 of the Shoals)
 26003 | Shoals:3 | Hit by a tomahawk thrown by a merfolk

Skill      XL: |  1  2  3  4  5  6  7  8  9 10 11 12 13 14 15 16 |
---------------+-------------------------------------------------+-----
Axes           | 2 4 5 6 7 8 9 10 11 12 13 14 | 14.1
Armour         | 3 4 5 6 7 8 10 11 12 13 | 13.1
Shields        | 3 4 5 6 7 8 9 11 12 | 12.9
Fighting       | 4 5 7 8 9 10 11 12 13 14 | 14.0
Dodging        | 1 2 4 5 |  5.2
Invocations    | 3 5 |  5.3
Hexes          | 2 4 5 |  5.5
Fire Magic     | 2 4 |  4.6
Spellcasting   | 2 3 4 |  4.7
Stealth        | |  0.6

Action                   |  1- 3 |  4- 6 |  7- 9 | 10-12 | 13-15 | 16-18 || total
-------------------------+-------+-------+-------+-------+-------+-------++-------
Melee: War axe           |   116 |   147 |   318 |   805 |  1564 |   384 ||  3334
       Trident           |       |       |       |       |    22 |       ||    22
       Kick              |       |       |       |       |       |   175 ||   175
Invok: Finesse           |       |       |       |       |     6 |       ||     6
  Use: Scroll            |     5 |     4 |     9 |     9 |    16 |     6 ||    49
       Potion            |       |     2 |     4 |     8 |     8 |     2 ||    24
 Stab: Distracted        |       |       |     2 |     6 |     9 |     2 ||    19
  Eat: Chunk             |     1 |     6 |    13 |    28 |    28 |    10 ||    86
       Fruit             |       |       |       |     1 |     3 |       ||     4
       Royal jelly       |       |       |       |     1 |     1 |       ||     2
       Bread ration      |       |       |       |       |     1 |       ||     1
Armor: Scale mail        |    73 |    82 |     8 |       |       |       ||   163
       Plate armour      |       |       |   170 |   521 |   242 |       ||   933
       Chain mail        |       |       |       |       |   432 |   176 ||   608
Dodge: Dodged            |    40 |    54 |    30 |   167 |   298 |   165 ||   754
Block: Shield            |    75 |    87 |   189 |   569 |   977 |   373 ||  2270
